 Dungeon Crawl Stone Soup version 0.30-a0-170-g85af917532 (webtiles) character file.

Game seed: 3667848606430462260

133742 qw the Severer (level 17, -26/110 HPs)
             Began as a Gargoyle Fighter on Sept 30, 2022.
             Was a High Priest of Okawaru.
             Annihilated by a radroach (58 damage)
             ... on level 3 of the Spider Nest.
             The game lasted 00:12:02 (28843 turns).

qw the Severer (Gargoyle Fighter)                  Turns: 28843, Time: 00:12:03

Health: -26/110    AC: 45    Str: 32    XL:     17   Next: 15%
Magic:  17/24      EV: 12    Int: 20    God:    Okawaru [*****.]
Gold:   230        SH: 19    Dex: 13    Spells: 16/16 levels left

rFire   + . .      SeeInvis +    w - +5 broad axe "Zorgh" {freeze, rPois Str+2 Int+3 SInv}
rCold   + . .      Faith    .    c - +0 kite shield
rNeg    + . .      Spirit   .    C - +0 plate armour "Jostreg" {rC+}
rPois   inf        Reflect  +    F - +2 helmet
rElec   +          Harm     .    f - +1 cloak of Forking Paths {Dex+4}
rCorr   +          Rampage  .    G - +2 pair of gloves of the Shining Light {rPois Str+3}
Will    +....                    g - +2 pair of boots
Stlth   ..........               x - amulet of Zismyafu {Reflect rCorr Int+7 SH+5 SInv}
HPRegen 0.28/turn                t - ring of protection from fire
MPRegen 0.19/turn                a - +4 ring of protection

@: heroic, finesse-ful, corroded, flying
A: sickness immunity, AC +12, big wings, negative energy resistance 1,
electricity resistance, torment resistance 1, petrification resistance
a: Renounce Religion, Heroism, Finesse, Duel


You were on level 3 of the Spider Nest.
You worshipped Okawaru.
Okawaru was extremely pleased with you.
You visited 5 branches of the dungeon, and saw 26 of its levels.
You also visited: Sewer.

You collected 2770 gold pieces.
You spent 2540 gold pieces at shops.


Innate Abilities, Weirdness & Mutations

You are immune to sickness and miasma.
Your stone body is resilient. (AC +12)
You are immune to poison.
Your large and strong wings let you fly.
You resist negative energy. (rN+)
You are resistant to electric shocks. (rElec)
You are resistant to unholy torment.
You are immune to petrification.


   Skills:
 + Level 13.7(18.7) Fighting
 - Level 18.0(23.0) Axes
 - Level 6.0(11.0) Throwing
 - Level 13.0(18.0) Armour
 - Level 4.0(9.0) Dodging
 - Level 13.5(18.5) Shields
 - Level 10.0 Invocations


You had 16 spell levels left.
You didn't know any spells.
Your spell library was empty.

Inventory:

Hand Weapons
 e - the +14 obsidian axe {vorpal, Mesm Drain Fly SInv}
   (You found it on level 3 of the Dungeon)

   It inflicts extra damage upon your enemies.
   It occasionally summons demons to assist the wielder when it strikes in
   combat.
   Its wielder is mesmerised by any visible foes.
   It cannot be unequipped while any foes are visible.
   SInv:      It lets you see invisible.
   Fly:       It grants you flight.
   Drain:     It drains your maximum health when unequipped.
 j - a +2 morningstar of protection
 w - the +5 broad axe "Zorgh" (weapon) {freeze, rPois Str+2 Int+3 SInv}
   (You found it on level 12 of the Dungeon)

   It freezes those it strikes, dealing additional cold damage.
   It can also slow down cold-blooded creatures.
   Str:       It affects your strength (+2).
   Int:       It affects your intelligence (+3).
   rPois:     It protects you from poison.
   SInv:      It lets you see invisible.
Missiles
 s - 17 boomerangs (quivered)
Armour
 c - a +0 kite shield (worn)
 f - the +1 cloak of Forking Paths (worn) {Dex+4}
   (Okawaru gifted it to you on level 1 of the Spider Nest)

   Dex:       It affects your dexterity (+4).
 g - a +2 pair of boots (worn)
 v - +0 acid dragon scales
 A - a +1 plate armour of poison resistance
 C - the +0 plate armour "Jostreg" (worn) {rC+}
   (Okawaru gifted it to you on level 5 of the Lair of Beasts)

   rC:        It protects you from cold.
 F - a +2 helmet (worn)
 G - the +2 pair of gloves of the Shining Light (worn) {rPois Str+3}
   (You acquired it on level 2 of the Orcish Mines)

   Str:       It affects your strength (+3).
   rPois:     It protects you from poison.
Jewellery
 a - a +4 ring of protection (right hand)
 k - a ring of ice
 t - a ring of protection from fire (left hand)
 x - the amulet of Zismyafu (around neck) {Reflect rCorr Int+7 SH+5 SInv}
   (You found it on level 9 of the Dungeon)

   [amulet of reflection]

   It reflects blocked missile attacks.
   Int:       It affects your intelligence (+7).
   SInv:      It lets you see invisible.
   rCorr:     It protects you from acid and corrosion.
   SH:        It affects your SH (+5).
 B - a ring of positive energy
 E - a ring of see invisible
Scrolls
 b - 2 scrolls of brand weapon
 h - 8 scrolls of identify
 i - 7 scrolls of teleportation
 r - 6 scrolls of enchant weapon
 H - a scroll of enchant armour
Potions
 d - 5 potions of might
 l - 4 potions of resistance
 m - 6 potions of curing
 n - 4 potions of haste
 o - 8 potions of heal wounds
 p - 2 potions of mutation
 q - 2 potions of magic
 u - 3 potions of attraction
 z - a potion of cancellation
 D - 4 potions of lignification

Dungeon Overview and Level Annotations

Branches:
Dungeon (15/15)            Temple (1/1) D:5            Lair (5/5) D:10
 Shoals (0/4) Lair:2       Spider (3/4) Lair:2        Slime (0/5) Lair:4
    Orc (2/2) D:9             Elf (0/3) Orc:2        Vaults (0/5) D:14
 Depths (0/4) D:15          Sewer (visited)

Altars:
Ashenzari
Cheibriados
Dithmenos
Elyvilon
Fedhas
Gozag
Hepliaklqana
Kikubaaqudgha
Makhleb
Nemelex Xobeh
Okawaru
Qazlal
Ru
Sif Muna
Trog
Uskayaw
Vehumet
Wu Jian
Xom
Yredelemnul
Zin
The Shining One
Jiyva

Shops:
D:6 *   D:8 (   D:14 *=?[*   Orc:2 :(?=

Portals:
Trove: D:11 (give +4 storm dragon scales)

Annotations:
D:15 3 runed translucent doors, Gosau's ghost, journeyman DsGl
Orc:1 3 runed translucent doors, Necsenou's ghost, journeyman GnWn


Message History

You kill the entropy weaver!
Okawaru accepts your kill.
You can now enter into single combat with a foe.
Okawaru will now gift you equipment as you gain piety.
You block the jumping spider's attack.
The jumping spider bites you but does no damage.
You hit the jumping spider but do no damage.
You slash the tarantella! You freeze the tarantella. You slice the tarantella!!
You freeze the tarantella.
You kill the tarantella!
Okawaru accepts your kill.
You hit the jumping spider but do no damage.
The jumping spider misses you. You block the jumping spider's attack.
A tarantella comes into view.
The tarantella's many legs skitter faintly.
You hit the jumping spider. You freeze the jumping spider.
The jumping spider is moderately wounded.
The jumping spider pounces on you! The jumping spider barely misses you.
You hit the jumping spider but do no damage.
The jumping spider is moderately wounded.
You slash the jumping spider! You freeze the jumping spider.
The jumping spider is severely wounded.
The jumping spider closely misses you.
The jumping spider bites you but does no damage.
You closely miss the jumping spider.
The jumping spider is severely wounded.
You barely miss the redback. You hit the radroach but do no damage.
You slash the jumping spider! You freeze the jumping spider.
You kill the jumping spider!
Okawaru accepts your kill.
You hit the redback. You freeze the redback. You slash the radroach!
You freeze the radroach. The redback closely misses you.
You hit the radroach. You freeze the radroach.
The radroach is moderately wounded.
You closely miss the redback.
The radroach erupts in a fountain of uncontrolled magic!
You are blasted with magical radiation!!!
Ouch! That really hurt!
You die...

...... ....###..>..
......# ....#.#.....
....#.. ....#.#..^####
..#....###..#...:......#
...........s#......##..#
............#.%.........
...................^.#.#
........B...%....#####..
.......@%...)#.....%($..
...^..:s.....#.....%...#
.####....>..............
..$..###!.....###.###
..^..............$....
#.............#.........
#####........./...####..
...........##.. ### ...
. #


You could see a radroach, a tarantella and a redback.

Vanquished Creatures
  Jorgrun (D:13)
  Roxanne (Spider:3)
  An emperor scorpion (Spider:2)
  A ghost moth (Spider:2)
  An orc warlord (Orc:2)
  Azrael (Spider:1)
  Nessos (D:12)
  A spark wasp (Spider:1)
  Josephine (Lair:4)
  4 entropy weavers
  2 fire dragons
  An ogre mage (D:15)
  8 vault guards (D:14)
  Erica (D:8)
  7 hydras
  An anaconda (shapeshifter) (D:15)
  4 boulder beetles
  8 two-headed ogres
  A radroach (Spider:3)
  6 centaur warriors
  A death scarab (Spider:2)
  A death knight (D:15)
  2 tengu warriors
  An orc high priest (Orc:2)
  3 pharaoh ants
  4 orb spiders
  A skeletal warrior (D:15)
  A swamp dragon (Lair:5)
  Pikel (D:7)
  3 orc knights
  4 oklob plants (Lair:3)
  11 orc sorcerers
  17 ugly things
  5 manticores
  2 wolf spiders
  2 deep elf pyromancers
  A necromancer (D:15)
  4 moths of wrath
  3 centaur zombies (D:15)
  3 cyclopes
  15 elephants
  4 black mambas
  A cane toad (shapeshifter) (D:13)
  2 torpor snails
  Maggie (D:8)
  A gargoyle (D:12)
  2 unseen horrors (D:12)
  11 demonic crawlers
  9 cane toads
  Psyche (D:9)
  An efreet (D:15)
  2 kobold demonologists (D:11)
  A freezing wraith (D:12)
  3 rime drakes
  6 komodo dragons
  2 tengu conjurers (D:13)
  A harpy zombie (D:15)
  13 trolls
  Prince Ribbit (D:5)
  10 polar bears
  6 raiju (Lair:5)
  A wolf spider simulacrum (D:12)
  14 tarantellas
  A raiju (shapeshifter) (D:13)
  A wind drake (Lair:2)
  14 dream sheep (Lair:5)
  17 jumping spiders
  8 blink frogs
  9 slime creatures (D:13)
  11 culicivoras
  Sigmund (D:3)
  4 shadows
  5 wyverns
  A centaur simulacrum (D:12)
  13 wraiths
  A vampire (D:12)
  36 yaks
  4 basilisks
  A hog (shapeshifter) (D:15)
  3 fire elementals (Spider:1)
  12 wargs
  9 steam dragons
  5 vampire mosquitoes (D:14)
  54 redbacks
  A harpy simulacrum (D:15)
  17 water moccasins
  3 acid dragons
  14 hell hounds
  23 orc warriors
  A swamp drake (Lair:5)
  An ice beast (D:3)
  14 black bears
  A sky beast (D:6)
  7 ogres
  7 centaurs
  2 lemures (D:7)
  16 wolves
  A phantom (D:5)
  4 kobold brigands
  Blork the orc (D:5)
  6 bullfrogs
  A necrophage (D:4)
  A gnoll sergeant (Orc:2)
  2 scorpions
  4 wights (D:8)
  6 howler monkeys
  4 electric eels
  A jelly (D:4)
  8 hounds
  15 orc priests
  2 gnoll boudas
  5 iguanas
  46 orc wizards
  A statue (D:8)
  7 gnolls
  3 river rats (Sewer)
  8 adders
  2 white imps (D:7)
  4 ufetubi
  A dart slug (D:1)
  104 orcs
  9 ball pythons
  12 bats
  10 endoplasms
  13 giant cockroaches
  9 goblins
  13 hobgoblins
  10 jackals
  6 quokkas
  8 frilled lizards
  23 kobolds
  6 rats
  A spectral goblin (D:5)
904 creatures vanquished.

Vanquished Creatures (collateral kills)
  2 necrophages
  A jelly (D:6)
  An iguana (D:6)
  4 adders
  A gnoll (D:6)
  2 river rats (Sewer)
  2 orcs (D:6)
  An endoplasm (Sewer)
  A giant cockroach (Sewer)
  A hobgoblin (D:4)
  A ball python (Sewer)
  A bat (Sewer)
  A frilled lizard (Sewer)
  A kobold (D:4)
20 creatures vanquished.

Vanquished Creatures (others)
  A slime creature (D:15)
  13 fungi
  40 plants
54 creatures vanquished.

Grand Total: 978 creatures vanquished

Notes
Turn   | Place    | Note
-------+----------+-------------------------------------------
     0 | D:1      | qw the Gargoyle Fighter began the quest for the Orb.
     0 | D:1      | Reached XP level 1. HP: 14/14 MP: 1/1
     0 | D:1      | 0 ||| qw: Version: 0.2-a-12-gaebbb33
     0 | D:1      | 0 ||| qw: Game counter: 1540
     0 | D:1      | 0 ||| qw: Always use a shield: true
     0 | D:1      | 0 ||| qw: God list: Okawaru
     0 | D:1      | 0 ||| qw: Allow faded altars: false
     0 | D:1      | 0 ||| qw: Do Orc after D:15 true
     0 | D:1      | 0 ||| qw: Do second Lair branch before Depths: true
     0 | D:1      | 0 ||| qw: Lair rune preference: random
     0 | D:1      | 0 ||| qw: Plans: Normal, Zot:1-4, God:TSO, Crypt, Tomb,
                  | Pan, Slime:5, Hells, Abyss, Orb
     0 | D:1      | 0 ||| PLANNING D:1-11
    52 | D:1      | Reached skill level 2 in Axes
   148 | D:1      | Reached XP level 2. HP: 19/19 MP: 2/2
   176 | D:1      | 176 ||| Stepping ~*~*~tactically~*~*~ (stealth).
   309 | D:1      | 309 ||| Stepping ~*~*~tactically~*~*~ (hiding).
   318 | D:1      | Reached skill level 3 in Axes
   320 | D:1      | Reached XP level 3. HP: 20/23 MP: 3/3
   390 | D:1      | Found a faded altar of an unknown god.
   466 | D:1      | 466 ||| Stepping ~*~*~tactically~*~*~ (stealth).
   913 | D:1      | 913 ||| UPGRADING to +0 pair of boots.
   918 | D:1      | 918 ||| UPGRADING to +0 pair of gloves.
   923 | D:1      | 923 ||| READING scroll labelled OSO XIOGUBOALO.
   924 | D:1      | 924 ||| READING scroll labelled EMUUDA AGYP.
   925 | D:1      | 925 ||| READING 2 scrolls labelled VEAKUROATA.
   928 | D:1      | 928 ||| READING scroll labelled BYMUAPA TIPSECS.
   929 | D:1      | 929 ||| DROPPING +0 club.
  1137 | D:2      | Reached XP level 4. HP: 28/28 MP: 4/4
  1440 | D:2      | 1440 ||| DROPPING +6 ring of intelligence.
  1441 | D:2      | 1441 ||| DROPPING ring of flight.
  1442 | D:2      | 1442 ||| READING scroll labelled ECZOMYONUEP.
  1443 | D:2      | 1443 ||| READING scroll labelled KIUNAIFOSCH.
  1444 | D:2      | 1444 ||| READING 2 scrolls labelled TIUL FESHOASHO.
  1445 | D:2      | 1445 ||| READING scroll labelled NULAEM AGISAE.
  1446 | D:2      | 1446 ||| DRINKING 2 yellow potions.
  1552 | D:3      | Reached skill level 4 in Axes
  1568 | D:3      | 1568 ||| Stepping ~*~*~tactically~*~*~ (stealth).
  1579 | D:3      | 1579 ||| FLEEEEING.
  1580 | D:3      | 1580 ||| FLEEEEING.
  1581 | D:3      | 1581 ||| FLEEEEING.
  1582 | D:3      | 1582 ||| FLEEEEING.
  1583 | D:3      | 1583 ||| FLEEEEING.
  1585 | D:3      | 1585 ||| FLEEEEING.
  1586 | D:3      | 1586 ||| FLEEEEING.
  1587 | D:3      | 1587 ||| FLEEEEING.
  1588 | D:3      | 1588 ||| FLEEEEING.
  1589 | D:3      | 1589 ||| FLEEEEING.
  1590 | D:3      | 1590 ||| FLEEEEING.
  1661 | D:3      | 1661 ||| Stepping ~*~*~tactically~*~*~ (stealth).
  1676 | D:3      | Noticed an ice beast
  1687 | D:3      | Killed an ice beast
  1688 | D:3      | Reached skill level 5 in Axes
  1688 | D:3      | Reached XP level 5. HP: 18/32 MP: 5/5
  1927 | D:3      | Noticed Sigmund
  1928 | D:3      | 1928 ||| Stepping ~*~*~tactically~*~*~ (hiding).
  1939 | D:3      | Killed Sigmund
  1940 | D:3      | Reached XP level 6. HP: 33/40 MP: 6/6
  2042 | D:3      | 2042 ||| Stepping ~*~*~tactically~*~*~ (stealth).
  2220 | D:3      | Found the +14 obsidian axe {vorpal, Mesm Drain Fly SInv}
  2238 | D:3      | 2238 ||| READING scroll of brand weapon.
  2238 | D:3      | 2238 ||| BRANDING +0 war axe of flaming.
  2245 | D:3      | 2245 ||| SWAPPING to +14 obsidian axe {vorpal, Mesm Drain
                  | Fly SInv}.
  2246 | D:3      | 2246 ||| DROPPING +0 war axe of draining.
  2475 | D:3      | 2475 ||| DROPPING +0 club.
  2476 | D:3      | 2476 ||| READING 2 scrolls labelled NIEGHIURASS.
  2477 | D:3      | 2477 ||| DROPPING scroll of blinking.
  2508 | D:4      | Reached skill level 1 in Dodging
  2534 | D:4      | 2534 ||| Stepping ~*~*~tactically~*~*~ (stealth).
  2562 | D:4      | Reached XP level 7. HP: 44/44 MP: 7/7
  2590 | D:4      | 2590 ||| DROPPING +0 mace.
  2620 | D:4      | Found a white marble altar of Elyvilon.
  2654 | D:4      | Noticed an orange demon
  2899 | D:4      | 2899 ||| Stepping ~*~*~tactically~*~*~ (hiding).
  2901 | D:4      | 2901 ||| Stepping ~*~*~tactically~*~*~ (hiding).
  2905 | D:4      | Reached skill level 6 in Axes
  3068 | D:4      | 3068 ||| Stepping ~*~*~tactically~*~*~ (hiding).
  3382 | D:4      | 3382 ||| UPGRADING to +0 chain mail.
  3392 | D:4      | 3392 ||| DROPPING +0 scale mail.
  3393 | D:4      | 3393 ||| READING scroll labelled REUBLO MILY.
  3394 | D:4      | 3394 ||| READING scroll labelled TERATI MOAX.
  3395 | D:4      | 3395 ||| DRINKING 3 silvery potions.
  3451 | D:5      | Entered Level 5 of the Dungeon
  3452 | D:5      | 3452 ||| PLANNING SEWER
  3502 | D:5      | Found a bloodstained altar of Trog.
  3569 | D:5      | Noticed Prince Ribbit
  3573 | D:5      | Killed Prince Ribbit
  3574 | D:5      | Reached skill level 7 in Axes
  3574 | D:5      | Reached XP level 8. HP: 47/49 MP: 8/8
  3620 | D:5      | Found a burning altar of Makhleb.
  3620 | D:5      | Found a glowing golden altar of the Shining One.
  3714 | D:5      | Reached skill level 8 in Axes
  3803 | D:5      | Found a staircase to the Ecumenical Temple.
  3875 | D:5      | Noticed Blork the orc
  3876 | D:5      | 3876 ||| Stepping ~*~*~tactically~*~*~ (hiding).
  3882 | D:5      | Killed Blork the orc
  3907 | D:5      | 3907 ||| Stepping ~*~*~tactically~*~*~ (stealth).
  3971 | D:5      | Found a broken altar of Ashenzari.
  4065 | D:5      | Found a glowing drain.
  4097 | Sewer    | Entered a sewer
  4286 | Sewer    | 4286 ||| READING scroll of enchant armour.
  4286 | Sewer    | 4286 ||| ENCHANTING +0 pair of gloves.
  4325 | Sewer    | 4325 ||| Stepping ~*~*~tactically~*~*~ (stealth).
  4509 | Sewer    | Reached skill level 6 in Fighting
  4551 | D:5      | 4551 ||| PLANNING TEMPLE
  4628 | Temple   | Entered the Ecumenical Temple
  4656 | Temple   | 4656 ||| PLANNING D:1-11
  4748 | D:5      | Found a hazy altar of Hepliaklqana.
  4804 | D:5      | 4804 ||| READING scroll labelled WIOMPA RE BOC.
  4902 | D:6      | Noticed a wyvern
  4907 | D:6      | Killed a wyvern
  5002 | D:6      | Reached skill level 9 in Axes
  5002 | D:6      | Reached XP level 9. HP: 55/55 MP: 9/9
  5021 | D:6      | Found Xurol Ech's Assorted Antiques.
  5091 | D:6      | 5091 ||| Stepping ~*~*~tactically~*~*~ (hiding).
  5129 | D:6      | 5129 ||| Stepping ~*~*~tactically~*~*~ (hiding).
  5135 | D:6      | Reached skill level 1 in Throwing
  5242 | D:6      | 5242 ||| BUYING red potion (25 gold).
  5242 | D:6      | Bought a red potion for 25 gold pieces
  5242 | D:6      | 5242 ||| SHOPLISTING scroll of enchant weapon (210 gold,
                  | have 206).
  5349 | D:6      | 5349 ||| Stepping ~*~*~tactically~*~*~ (hiding).
  5735 | D:6      | 5735 ||| DROPPING ring of magical power.
  5736 | D:6      | 5736 ||| DROPPING ring of wizardry.
  5737 | D:6      | 5737 ||| READING scroll labelled IFORECZIOR.
  5802 | D:6      | 5802 ||| READING scroll labelled XIVVA BEQOZA.
  5803 | D:6      | 5803 ||| READING scroll labelled YGUMYUF SYIDYX.
  5904 | D:6      | 5904 ||| READING 4 scrolls of identify.
  5904 | D:6      | 5904 ||| IDENTIFYING inky potion
  5905 | D:6      | 5905 ||| READING 3 scrolls of identify.
  5905 | D:6      | 5905 ||| IDENTIFYING glowing red potion
  5906 | D:6      | 5906 ||| READING 2 scrolls of identify.
  5906 | D:6      | 5906 ||| IDENTIFYING clear potion
  5907 | D:6      | 5907 ||| DROPPING potion of ambrosia.
  6024 | D:7      | 6024 ||| Stepping ~*~*~tactically~*~*~ (stealth).
  6026 | D:7      | 6026 ||| Stepping ~*~*~tactically~*~*~ (hiding).
  6027 | D:7      | 6027 ||| Stepping ~*~*~tactically~*~*~ (hiding).
  6028 | D:7      | 6028 ||| Stepping ~*~*~tactically~*~*~ (hiding).
  6052 | D:7      | 6052 ||| Stepping ~*~*~tactically~*~*~ (stealth).
  6111 | D:7      | 6111 ||| Stepping ~*~*~tactically~*~*~ (hiding).
  6271 | D:7      | 6271 ||| READING 5 scrolls of teleportation.
  6315 | D:7      | 6315 ||| READING 4 scrolls of teleportation.
  6328 | D:7      | 6328 ||| Stepping ~*~*~tactically~*~*~ (hiding).
  6357 | D:7      | 6357 ||| READING 3 scrolls of teleportation.
  6367 | D:7      | Noticed Pikel
  6368 | D:7      | 6368 ||| Stepping ~*~*~tactically~*~*~ (hiding).
  6375 | D:7      | Killed Pikel
  6376 | D:7      | Reached skill level 10 in Axes
  6538 | D:7      | 6538 ||| READING 2 scrolls of teleportation.
  6679 | D:7      | 6679 ||| DRINKING 2 potions of curing.
  6679 | D:7      | 6679 ||| (to cure confusion)
  6690 | D:7      | 6690 ||| Stepping ~*~*~tactically~*~*~ (stealth).
  6761 | D:7      | Found an ornate altar of the Wu Jian Council.
  6762 | D:7      | Found a snail-covered altar of Cheibriados.
  6763 | D:7      | Found an iron altar of Okawaru.
  6764 | D:7      | 6764 ||| PLANNING OKAWARU WORSHIP
  6771 | D:7      | Became a worshipper of Warmaster Okawaru
  6772 | D:7      | 6772 ||| PLANNING D:1-11
  7265 | D:7      | 7265 ||| Stepping ~*~*~tactically~*~*~ (hiding).
  7525 | D:8      | Noticed Maggie
  7533 | D:8      | Killed Maggie
  7534 | D:8      | Reached XP level 10. HP: 47/65 MP: 10/10
  7692 | D:8      | 7692 ||| Stepping ~*~*~tactically~*~*~ (stealth).
  7698 | D:8      | 7698 ||| Stepping ~*~*~tactically~*~*~ (stealth).
  7734 | D:8      | Noticed a two-headed ogre
  7784 | D:8      | 7784 ||| DROPPING +0 morningstar.
  7799 | D:8      | Reached * piety under Okawaru
  7852 | D:8      | Noticed a deep elf pyromancer
  7854 | D:8      | 7854 ||| INVOKING Heroism.
  7858 | D:8      | Reached skill level 1 in Invocations
  7866 | D:8      | 7866 ||| INVOKING Heroism.
  7867 | D:8      | 7867 ||| INVOKING Heroism.
  7868 | D:8      | Killed a deep elf pyromancer
  7869 | D:8      | Reached skill level 6 in Armour
  8055 | D:8      | Found Inweiras's Weapon Shoppe.
  8110 | D:8      | Found a radiant altar of Vehumet.
  8111 | D:8      | 8111 ||| INVOKING Heroism.
  8244 | D:8      | Noticed Erica
  8245 | D:8      | 8245 ||| INVOKING Heroism.
  8251 | D:8      | Killed Erica
  8252 | D:8      | Reached skill level 3 in Invocations
  8426 | D:8      | Found a hide-covered altar of Uskayaw.
  8427 | D:8      | 8427 ||| INVOKING Heroism.
  8474 | D:8      | 8474 ||| DRINKING 2 glowing green potions.
  8475 | D:8      | 8475 ||| READING 3 scrolls of identify.
  8475 | D:8      | 8475 ||| IDENTIFYING fuming coppery potion
  8476 | D:8      | 8476 ||| READING 2 scrolls of identify.
  8476 | D:8      | 8476 ||| IDENTIFYING brown potion
  8477 | D:8      | 8477 ||| DROPPING potion of invisibility.
  8558 | D:9      | 8558 ||| INVOKING Heroism.
  8565 | D:9      | Reached ** piety under Okawaru
  8606 | D:9      | 8606 ||| INVOKING Heroism.
  8609 | D:9      | Noticed a tengu warrior
  8621 | D:9      | Killed a tengu warrior
  8622 | D:9      | Reached skill level 11 in Axes
  8831 | D:9      | 8831 ||| DROPPING +3 morningstar.
  8833 | D:9      | Identified the +1 short sword "Sohittaf" {drain, rCorr}
  8853 | D:9      | 8853 ||| Stepping ~*~*~tactically~*~*~ (stealth).
  8907 | D:9      | 8907 ||| INVOKING Heroism.
  8914 | D:9      | Reached skill level 9 in Fighting
  8932 | D:9      | 8932 ||| INVOKING Heroism.
  8961 | D:9      | Found a staircase to the Orcish Mines.
  8968 | D:9      | 8968 ||| Stepping ~*~*~tactically~*~*~ (hiding).
  8992 | D:9      | 8992 ||| INVOKING Heroism.
  8999 | D:9      | Reached XP level 11. HP: 58/71 MP: 11/14
  9075 | D:9      | 9075 ||| Stepping ~*~*~tactically~*~*~ (hiding).
  9080 | D:9      | 9080 ||| INVOKING Heroism.
  9084 | D:9      | 9084 ||| Stepping ~*~*~tactically~*~*~ (hiding).
  9105 | D:9      | 9105 ||| Stepping ~*~*~tactically~*~*~ (stealth).
  9108 | D:9      | 9108 ||| Stepping ~*~*~tactically~*~*~ (stealth).
  9112 | D:9      | 9112 ||| Stepping ~*~*~tactically~*~*~ (stealth).
  9113 | D:9      | 9113 ||| Stepping ~*~*~tactically~*~*~ (stealth).
  9130 | D:9      | 9130 ||| INVOKING Heroism.
  9158 | D:9      | 9158 ||| INVOKING Heroism.
  9269 | D:9      | 9269 ||| INVOKING Heroism.
  9351 | D:9      | 9351 ||| INVOKING Heroism.
  9361 | D:9      | 9361 ||| Stepping ~*~*~tactically~*~*~ (hiding).
  9441 | D:9      | 9441 ||| Stepping ~*~*~tactically~*~*~ (hiding).
  9447 | D:9      | Reached skill level 12 in Axes
  9647 | D:9      | 9647 ||| INVOKING Heroism.
  9653 | D:9      | Noticed Psyche
  9668 | D:9      | 9668 ||| INVOKING Heroism.
  9673 | D:9      | Killed Psyche
  9712 | D:9      | 9712 ||| Stepping ~*~*~tactically~*~*~ (hiding).
  9716 | D:9      | 9716 ||| Stepping ~*~*~tactically~*~*~ (hiding).
  9717 | D:9      | 9717 ||| Stepping ~*~*~tactically~*~*~ (hiding).
  9719 | D:9      | 9719 ||| INVOKING Heroism.
  9965 | D:9      | Identified the amulet of Zismyafu {Reflect rCorr Int+7 SH+5
                  | SInv}
 10008 | D:9      | 10008 ||| INVOKING Heroism.
 10014 | D:9      | Reached *** piety under Okawaru
 10042 | D:9      | 10042 ||| DRINKING 2 potions of curing.
 10042 | D:9      | 10042 ||| (to cure confusion)
 10141 | D:9      | 10141 ||| READING 2 scrolls of enchant armour.
 10141 | D:9      | 10141 ||| ENCHANTING +1 pair of gloves.
 10142 | D:9      | 10142 ||| READING scroll of enchant armour.
 10142 | D:9      | 10142 ||| ENCHANTING +0 pair of boots.
 10226 | D:9      | 10226 ||| UPGRADING to +0 plate armour.
 10236 | D:9      | 10236 ||| DROPPING +0 chain mail.
 10237 | D:9      | 10237 ||| DROPPING amulet of faith.
 10238 | D:9      | 10238 ||| UPGRADING to amulet of Zismyafu {Reflect rCorr
                  | Int+7 SH+5 SInv}.
 10243 | D:9      | 10243 ||| UPGRADING to ring of protection from fire.
 10244 | D:9      | 10244 ||| READING 2 scrolls of identify.
 10244 | D:9      | 10244 ||| IDENTIFYING red potion
 10256 | D:10     | Entered Level 10 of the Dungeon
 10270 | D:10     | 10270 ||| INVOKING Heroism.
 10334 | D:10     | 10334 ||| INVOKING Heroism.
 10351 | D:10     | You are sucked into a shaft and drop 2 floors!
 10428 | D:12     | 10428 ||| Stepping ~*~*~tactically~*~*~ (hiding).
 10443 | D:12     | 10443 ||| INVOKING Heroism.
 10453 | D:12     | 10453 ||| Stepping ~*~*~tactically~*~*~ (hiding).
 10456 | D:12     | Reached **** piety under Okawaru
 10457 | D:12     | Reached skill level 6 in Shields
 10473 | D:12     | 10473 ||| Stepping ~*~*~tactically~*~*~ (stealth).
 10484 | D:12     | Got the +5 broad axe "Zorgh" {freeze, rPois Str+2 Int+3
                  | SInv}
 10563 | D:12     | 10563 ||| Stepping ~*~*~tactically~*~*~ (stealth).
 10649 | D:12     | Noticed a two-headed ogre
 10650 | D:12     | 10650 ||| INVOKING Heroism.
 10656 | D:12     | Killed a two-headed ogre
 10681 | D:12     | 10681 ||| Stepping ~*~*~tactically~*~*~ (stealth).
 10701 | D:12     | 10701 ||| Stepping ~*~*~tactically~*~*~ (stealth).
 10708 | D:12     | 10708 ||| INVOKING Heroism.
 10712 | D:12     | Reached skill level 9 in Armour
 11024 | D:12     | Found a stormy altar of Qazlal.
 11077 | D:11     | 11077 ||| Stepping ~*~*~tactically~*~*~ (hiding).
 11080 | D:11     | 11080 ||| DRINKING 2 potions of curing.
 11080 | D:11     | 11080 ||| (to cure confusion)
 11148 | D:11     | 11148 ||| Stepping ~*~*~tactically~*~*~ (stealth).
 11149 | D:11     | 11149 ||| Stepping ~*~*~tactically~*~*~ (stealth).
 11151 | D:11     | 11151 ||| INVOKING Heroism.
 11183 | D:11     | 11183 ||| INVOKING Heroism.
 11198 | D:11     | Reached skill level 6 in Invocations
 11219 | D:11     | Reached XP level 12. HP: 76/76 MP: 16/16
 11229 | D:11     | 11229 ||| INVOKING Heroism.
 11271 | D:10     | 11271 ||| INVOKING Heroism.
 11272 | D:10     | Found a staircase to the Lair.
 11280 | D:10     | Reached ***** piety under Okawaru
 11814 | D:10     | 11814 ||| INVOKING Heroism.
 11989 | D:10     | 11989 ||| PLANNING LAIR
 11989 | D:10     | 11989 ||| READING 3 scrolls of identify.
 11989 | D:10     | 11989 ||| IDENTIFYING fizzy cyan potion
 12020 | Lair:1   | Entered Level 1 of the Lair of Beasts
 12065 | Lair:1   | 12065 ||| INVOKING Heroism.
 12305 | Lair:1   | 12305 ||| INVOKING Heroism.
 12317 | Lair:1   | Received a gift from Okawaru
 12665 | Lair:1   | Reached skill level 9 in Invocations
 12838 | Lair:1   | 12838 ||| UPGRADING to +1 plate armour of poison
                  | resistance.
 12848 | Lair:1   | 12848 ||| DROPPING +0 plate armour.
 12849 | Lair:1   | 12849 ||| DROPPING amulet of magic regeneration.
 12857 | Lair:2   | Found a staircase to the Shoals.
 12858 | Lair:2   | 12858 ||| INVOKING Heroism.
 12942 | Lair:2   | Reached skill level 13 in Axes
 13053 | Lair:2   | Noticed a four-headed hydra
 13054 | Lair:2   | 13054 ||| INVOKING Heroism.
 13055 | Lair:2   | 13055 ||| INVOKING Finesse.
 13057 | Lair:2   | 13057 ||| SWAPPING to +2 morningstar of protection.
 13063 | Lair:2   | Killed a four-headed hydra
 13064 | Lair:2   | 13064 ||| SWAPPING to +14 obsidian axe {vorpal, Mesm Drain
                  | Fly SInv}.
 13202 | Lair:2   | Noticed a six-headed hydra
 13203 | Lair:2   | 13203 ||| INVOKING Heroism.
 13204 | Lair:2   | 13204 ||| INVOKING Finesse.
 13212 | Lair:2   | Killed an 11-headed hydra
 13213 | Lair:2   | Reached skill level 3 in Throwing
 13378 | Lair:2   | 13378 ||| INVOKING Heroism.
 13399 | Lair:2   | Reached XP level 13. HP: 82/82 MP: 20/20
 13402 | Lair:2   | Found a hole to the Spider Nest.
 13427 | Lair:2   | 13427 ||| Stepping ~*~*~tactically~*~*~ (stealth).
 13460 | Lair:2   | 13460 ||| INVOKING Heroism.
 13461 | Lair:2   | 13461 ||| INVOKING Finesse.
 14038 | Lair:2   | 14038 ||| DROPPING amulet of the acrobat.
 14062 | Lair:3   | 14062 ||| INVOKING Heroism.
 14063 | Lair:3   | 14063 ||| INVOKING Finesse.
 14145 | Lair:3   | 14145 ||| INVOKING Heroism.
 14177 | Lair:3   | Reached skill level 14 in Axes
 14550 | Lair:3   | 14550 ||| INVOKING Heroism.
 14978 | Lair:3   | 14978 ||| INVOKING Heroism.
 15223 | Lair:3   | 15223 ||| UPGRADING to +4 ring of protection.
 15241 | Lair:4   | 15241 ||| INVOKING Heroism.
 15340 | Lair:4   | 15340 ||| INVOKING Heroism.
 15376 | Lair:4   | Noticed Josephine
 15378 | Lair:4   | 15378 ||| INVOKING Heroism.
 15387 | Lair:4   | Killed Josephine
 15551 | Lair:4   | 15551 ||| INVOKING Heroism.
 15638 | Lair:4   | 15638 ||| INVOKING Heroism.
 15835 | Lair:4   | Found a viscous altar of Jiyva.
 15836 | Lair:4   | Found a staircase to the Slime Pits.
 15957 | Lair:4   | 15957 ||| READING scroll labelled JECAPR NIALE.
 15957 | Lair:4   | Identified a scroll of acquirement
 15957 | Lair:4   | 15957 ||| ACQUIRING +1 cloak of stealth
 15957 | Lair:4   | Acquired a +1 cloak of stealth
 15959 | Lair:4   | 15959 ||| UPGRADING to +1 cloak of stealth.
 15964 | Lair:4   | 15964 ||| DRINKING 2 sedimented coppery potions.
 15992 | Lair:4   | 15992 ||| READING 4 scrolls of identify.
 15992 | Lair:4   | 15992 ||| IDENTIFYING emerald potion
 15993 | Lair:4   | 15993 ||| DROPPING potion of brilliance.
 16000 | Lair:5   | Entered Level 5 of the Lair of Beasts
 16001 | Lair:5   | 16001 ||| INVOKING Heroism.
 16014 | Lair:5   | Identified the +0 plate armour "Jostreg" {rC+} (Okawaru
                  | gifted it to you on level 5 of the Lair of Beasts)
 16014 | Lair:5   | Received a gift from Okawaru
 16025 | Lair:5   | 16025 ||| INVOKING Finesse.
 16032 | Lair:5   | 16032 ||| INVOKING Heroism.
 16115 | Lair:5   | 16115 ||| INVOKING Heroism.
 16146 | Lair:5   | Reached skill level 15 in Axes
 16148 | Lair:5   | Gained mutation: Your large and strong wings let you fly.
                  | [Gargoyle growth]
 16148 | Lair:5   | Reached XP level 14. HP: 90/90 MP: 21/21
 16154 | Lair:5   | 16154 ||| SWAPPING to +5 broad axe "Zorgh" {freeze, rPois
                  | Str+2 Int+3 SInv}.
 16248 | Lair:5   | 16248 ||| Stepping ~*~*~tactically~*~*~ (hiding).
 16289 | Lair:5   | 16289 ||| Stepping ~*~*~tactically~*~*~ (stealth).
 16298 | Lair:5   | 16298 ||| INVOKING Heroism.
 16320 | Lair:5   | 16320 ||| INVOKING Finesse.
 16528 | Lair:5   | 16528 ||| Stepping ~*~*~tactically~*~*~ (stealth).
 16547 | Lair:5   | 16547 ||| Stepping ~*~*~tactically~*~*~ (stealth).
 16573 | Lair:5   | 16573 ||| Stepping ~*~*~tactically~*~*~ (stealth).
 16574 | Lair:5   | 16574 ||| Stepping ~*~*~tactically~*~*~ (stealth).
 16678 | Lair:5   | 16678 ||| Stepping ~*~*~tactically~*~*~ (stealth).
 16679 | Lair:5   | 16679 ||| Stepping ~*~*~tactically~*~*~ (stealth).
 16680 | Lair:5   | 16680 ||| Stepping ~*~*~tactically~*~*~ (stealth).
 16682 | Lair:5   | 16682 ||| Stepping ~*~*~tactically~*~*~ (stealth).
 16686 | Lair:5   | 16686 ||| INVOKING Heroism.
 16796 | Lair:5   | 16796 ||| Stepping ~*~*~tactically~*~*~ (stealth).
 16797 | Lair:5   | 16797 ||| Stepping ~*~*~tactically~*~*~ (stealth).
 16798 | Lair:5   | 16798 ||| Stepping ~*~*~tactically~*~*~ (stealth).
 16799 | Lair:5   | 16799 ||| Stepping ~*~*~tactically~*~*~ (stealth).
 16837 | Lair:5   | 16837 ||| Stepping ~*~*~tactically~*~*~ (stealth).
 16838 | Lair:5   | 16838 ||| Stepping ~*~*~tactically~*~*~ (stealth).
 16840 | Lair:5   | 16840 ||| Stepping ~*~*~tactically~*~*~ (stealth).
 16843 | Lair:5   | 16843 ||| Stepping ~*~*~tactically~*~*~ (hiding).
 16846 | Lair:5   | 16846 ||| INVOKING Heroism.
 16858 | Lair:5   | Reached skill level 12 in Fighting
 16872 | Lair:5   | 16872 ||| INVOKING Heroism.
 16886 | Lair:5   | 16886 ||| INVOKING Finesse.
 16906 | Lair:5   | Received a gift from Okawaru
 17074 | Lair:5   | 17074 ||| Stepping ~*~*~tactically~*~*~ (hiding).
 17391 | Lair:5   | 17391 ||| Stepping ~*~*~tactically~*~*~ (hiding).
 17393 | Lair:5   | 17393 ||| INVOKING Heroism.
 17436 | Lair:5   | 17436 ||| Stepping ~*~*~tactically~*~*~ (hiding).
 17451 | Lair:5   | 17451 ||| Stepping ~*~*~tactically~*~*~ (hiding).
 17586 | Lair:5   | 17586 ||| INVOKING Heroism.
 17621 | Lair:5   | 17621 ||| READING scroll of enchant armour.
 17621 | Lair:5   | 17621 ||| ENCHANTING +1 pair of boots.
 17682 | Lair:5   | 17682 ||| Stepping ~*~*~tactically~*~*~ (hiding).
 17705 | Lair:5   | 17705 ||| INVOKING Heroism.
 17874 | Lair:5   | 17874 ||| INVOKING Heroism.
 17875 | Lair:5   | 17875 ||| SWAPPING to +2 morningstar of protection.
 17876 | Lair:5   | 17876 ||| INVOKING Finesse.
 17882 | Lair:5   | Received a gift from Okawaru
 17883 | Lair:5   | 17883 ||| SWAPPING to +5 broad axe "Zorgh" {freeze, rPois
                  | Str+2 Int+3 SInv}.
 18160 | Lair:5   | 18160 ||| PLANNING D:1-11
 18160 | Lair:5   | 18160 ||| UPGRADING to +0 plate armour "Jostreg" {rC+}.
 18170 | Lair:5   | 18170 ||| READING 4 scrolls of identify.
 18170 | Lair:5   | 18170 ||| IDENTIFYING smoky sapphire potion
 18171 | Lair:5   | 18171 ||| DROPPING potion of berserk rage.
 18333 | D:11     | Found a portal to a secret trove of treasure.
 18418 | D:11     | 18418 ||| Stepping ~*~*~tactically~*~*~ (stealth).
 18420 | D:11     | 18420 ||| Stepping ~*~*~tactically~*~*~ (stealth).
 18613 | D:11     | 18613 ||| INVOKING Heroism.
 18809 | D:11     | 18809 ||| PLANNING D
 18924 | D:12     | Reached skill level 16 in Axes
 18999 | D:12     | 18999 ||| DRINKING 7 potions of curing.
 18999 | D:12     | 18999 ||| (to cure confusion)
 19082 | D:12     | Noticed Nessos
 19083 | D:12     | 19083 ||| Stepping ~*~*~tactically~*~*~ (hiding).
 19085 | D:12     | 19085 ||| INVOKING Finesse.
 19090 | D:12     | Killed Nessos
 19446 | D:13     | 19446 ||| INVOKING Heroism.
 19454 | D:13     | Received a gift from Okawaru
 19457 | D:13     | Noticed Jorgrun
 19458 | D:13     | 19458 ||| INVOKING Finesse.
 19477 | D:13     | Reached skill level 3 in Dodging
 19486 | D:13     | Killed Jorgrun
 19486 | D:13     | Received a gift from Okawaru
 19487 | D:13     | 19487 ||| FLEEEEING.
 19488 | D:13     | 19488 ||| FLEEEEING.
 19489 | D:13     | 19489 ||| FLEEEEING.
 19490 | D:13     | 19490 ||| FLEEEEING.
 19491 | D:13     | 19491 ||| FLEEEEING.
 19492 | D:13     | 19492 ||| FLEEEEING.
 19493 | D:13     | 19493 ||| FLEEEEING.
 19494 | D:13     | 19494 ||| FLEEEEING.
 19495 | D:13     | 19495 ||| FLEEEEING.
 19503 | D:13     | 19503 ||| STAIRDANCE
 19746 | D:13     | 19746 ||| STAIRDANCE
 19862 | D:13     | 19862 ||| INVOKING Heroism.
 19876 | D:13     | Found an iron altar of Okawaru.
 19881 | D:13     | 19881 ||| INVOKING Finesse.
 19895 | D:13     | Reached XP level 15. HP: 83/96 MP: 17/22
 19930 | D:13     | Received a gift from Okawaru
 20011 | D:13     | Reached skill level 12 in Armour
 20039 | D:13     | 20039 ||| Stepping ~*~*~tactically~*~*~ (stealth).
 20041 | D:13     | 20041 ||| Stepping ~*~*~tactically~*~*~ (hiding).
 20043 | D:13     | 20043 ||| INVOKING Heroism.
 20467 | D:13     | 20467 ||| DROPPING amulet of reflection.
 20574 | D:14     | 20574 ||| FLEEEEING.
 20575 | D:14     | 20575 ||| FLEEEEING.
 20576 | D:14     | 20576 ||| FLEEEEING.
 20577 | D:14     | 20577 ||| FLEEEEING.
 20578 | D:14     | 20578 ||| FLEEEEING.
 20579 | D:14     | 20579 ||| STAIRDANCE
 20616 | D:14     | 20616 ||| STAIRDANCE
 20631 | D:13     | 20631 ||| INVOKING Heroism.
 20890 | D:14     | 20890 ||| Stepping ~*~*~tactically~*~*~ (hiding).
 20902 | D:14     | 20902 ||| FLEEEEING.
 20903 | D:14     | 20903 ||| FLEEEEING.
 20904 | D:14     | 20904 ||| FLEEEEING.
 20905 | D:14     | 20905 ||| FLEEEEING.
 20906 | D:14     | 20906 ||| FLEEEEING.
 20907 | D:14     | 20907 ||| FLEEEEING.
 20908 | D:14     | 20908 ||| FLEEEEING.
 20909 | D:14     | 20909 ||| FLEEEEING.
 20983 | D:14     | Found a gate to the Vaults.
 20984 | D:14     | 20984 ||| Stepping ~*~*~tactically~*~*~ (hiding).
 20994 | D:14     | Received a gift from Okawaru
 20996 | D:14     | 20996 ||| INVOKING Heroism.
 21026 | D:14     | Reached skill level 17 in Axes
 21065 | D:14     | 21065 ||| Stepping ~*~*~tactically~*~*~ (stealth).
 21066 | D:14     | 21066 ||| INVOKING Heroism.
 21277 | D:14     | 21277 ||| FLEEEEING.
 21278 | D:14     | 21278 ||| FLEEEEING.
 21279 | D:14     | 21279 ||| FLEEEEING.
 21280 | D:14     | 21280 ||| FLEEEEING.
 21281 | D:14     | 21281 ||| FLEEEEING.
 21435 | D:14     | 21435 ||| Stepping ~*~*~tactically~*~*~ (stealth).
 21453 | D:14     | Found Heohoremm's Assorted Antiques.
 21470 | D:14     | Found Cedgh's Armour Emporium.
 21555 | D:14     | 21555 ||| BUYING potion of mutation (312 gold).
 21555 | D:14     | Bought a potion of mutation for 312 gold pieces
 21555 | D:14     | 21555 ||| BUYING scroll of enchant armour (292 gold).
 21555 | D:14     | Bought a scroll of enchant armour for 292 gold pieces
 21555 | D:14     | 21555 ||| BUYING transparent chain mail (370 gold).
 21555 | D:14     | Bought a transparent chain mail for 370 gold pieces
 21555 | D:14     | Identified the +0 chain mail of Mess {Will+ Str-2 Dex+4}
                  | (You bought it in a shop on level 14 of the Dungeon)
 21555 | D:14     | 21555 ||| READING scroll of enchant armour.
 21555 | D:14     | 21555 ||| ENCHANTING +1 cloak of stealth.
 21645 | D:14     | Found Jaong's Magic Scroll Emporium.
 21647 | D:14     | Found Gaymuaco's Jewellery Shop.
 21650 | D:14     | 21650 ||| BUYING +0 helmet (72 gold).
 21650 | D:14     | Bought a +0 helmet for 72 gold pieces
 21650 | D:14     | 21650 ||| SHOPLISTING +3 pair of mountain boots {steadfast,
                  | rC+} (536 gold, have 462).
 21655 | D:14     | 21655 ||| BUYING scroll of enchant armour (112 gold).
 21655 | D:14     | Bought a scroll of enchant armour for 112 gold pieces
 21655 | D:14     | 21655 ||| BUYING scroll of identify (30 gold).
 21655 | D:14     | Bought a scroll of identify for 30 gold pieces
 21655 | D:14     | 21655 ||| BUYING scroll of identify (30 gold).
 21655 | D:14     | Bought a scroll of identify for 30 gold pieces
 21655 | D:14     | 21655 ||| BUYING scroll of teleportation (45 gold).
 21655 | D:14     | Bought a scroll of teleportation for 45 gold pieces
 21655 | D:14     | 21655 ||| BUYING scroll of teleportation (45 gold).
 21655 | D:14     | Bought a scroll of teleportation for 45 gold pieces
 21662 | D:14     | 21662 ||| SHOPLISTING ring "Tyam" {Contam rPois EV+4 Str-2
                  | Dex+4} (503 gold, have 200).
 21662 | D:14     | 21662 ||| SHOPLISTING ring of fire (275 gold, have 200).
 21662 | D:14     | 21662 ||| SHOPLISTING ring of ice (275 gold, have 200).
 21714 | D:14     | 21714 ||| INVOKING Heroism.
 21853 | D:14     | Found Epoibb's Assorted Antiques.
 21859 | D:14     | 21859 ||| SHOPLISTING glowing helmet (217 gold, have 214).
 21859 | D:14     | 21859 ||| BUYING potion of lignification (87 gold).
 21859 | D:14     | Bought a potion of lignification for 87 gold pieces
 22084 | D:14     | 22084 ||| DROPPING +0 chain mail of Mess {Will+ Str-2
                  | Dex+4}.
 22085 | D:14     | 22085 ||| UPGRADING to +0 helmet.
 22090 | D:14     | 22090 ||| READING scroll of enchant armour.
 22090 | D:14     | 22090 ||| ENCHANTING +0 helmet.
 22126 | D:15     | Entered Level 15 of the Dungeon
 22127 | D:15     | 22127 ||| PLANNING GAUNTLET
 22161 | D:15     | 22161 ||| INVOKING Heroism.
 22316 | D:15     | Found a staircase to the Depths.
 22319 | D:15     | 22319 ||| INVOKING Heroism.
 22322 | D:15     | Received a gift from Okawaru
 22401 | D:15     | 22401 ||| Stepping ~*~*~tactically~*~*~ (hiding).
 22402 | D:15     | 22402 ||| INVOKING Heroism.
 22486 | D:15     | Noticed Gosau's ghost (journeyman DsGl)
 22595 | D:15     | 22595 ||| RIP GAUNTLET
 22619 | D:15     | 22619 ||| PLANNING D
 22619 | D:15     | 22619 ||| Stepping ~*~*~tactically~*~*~ (stealth).
 22620 | D:15     | 22620 ||| INVOKING Heroism.
 22622 | D:15     | 22622 ||| Stepping ~*~*~tactically~*~*~ (stealth).
 22838 | D:15     | 22838 ||| Stepping ~*~*~tactically~*~*~ (stealth).
 22840 | D:15     | 22840 ||| Stepping ~*~*~tactically~*~*~ (stealth).
 22985 | D:15     | 22985 ||| INVOKING Heroism.
 22991 | D:15     | Reached skill level 6 in Throwing
 23219 | D:15     | 23219 ||| INVOKING Heroism.
 23220 | D:15     | 23220 ||| SWAPPING to +2 morningstar of protection.
 23221 | D:15     | 23221 ||| INVOKING Finesse.
 23231 | D:15     | 23231 ||| SWAPPING to +5 broad axe "Zorgh" {freeze, rPois
                  | Str+2 Int+3 SInv}.
 23363 | D:15     | Found a sparkling altar of Nemelex Xobeh.
 23378 | D:15     | 23378 ||| INVOKING Heroism.
 23383 | D:15     | 23383 ||| DRINKING 7 potions of curing.
 23383 | D:15     | 23383 ||| (to cure confusion)
 23457 | D:15     | Found a runed translucent gate.
 23457 | D:15     | Found a runed translucent gate.
 23457 | D:15     | Found a runed translucent gate.
 23474 | D:15     | 23474 ||| READING scroll of acquirement.
 23474 | D:15     | 23474 ||| ACQUIRING +2 buckler of fire resistance
 23474 | D:15     | Acquired a +2 buckler of fire resistance
 23476 | D:15     | 23476 ||| UPGRADING to +2 buckler of fire resistance.
 23486 | D:15     | 23486 ||| DROPPING +0 buckler.
 23533 | D:15     | 23533 ||| INVOKING Heroism.
 23534 | D:15     | 23534 ||| INVOKING Finesse.
 23538 | D:15     | 23538 ||| SWAPPING to +2 morningstar of protection.
 23544 | D:15     | 23544 ||| SWAPPING to +5 broad axe "Zorgh" {freeze, rPois
                  | Str+2 Int+3 SInv}.
 23695 | D:15     | 23695 ||| INVOKING Heroism.
 23702 | D:15     | Received a gift from Okawaru
 23708 | D:15     | Reached XP level 16. HP: 104/104 MP: 21/23
 23971 | D:15     | 23971 ||| PLANNING ORC
 24138 | Orc:1    | Entered Level 1 of the Orcish Mines
 24167 | Orc:1    | 24167 ||| INVOKING Heroism.
 24215 | Orc:1    | 24215 ||| INVOKING Heroism.
 24417 | Orc:1    | Found a runed translucent gate.
 24418 | Orc:1    | Found a runed translucent gate.
 24419 | Orc:1    | Noticed Necsenou's ghost (journeyman GnWn)
 24419 | Orc:1    | Found a runed translucent gate.
 24734 | Orc:2    | Entered Level 2 of the Orcish Mines
 24739 | Orc:2    | 24739 ||| Stepping ~*~*~tactically~*~*~ (stealth).
 24741 | Orc:2    | 24741 ||| Stepping ~*~*~tactically~*~*~ (hiding).
 24753 | Orc:2    | 24753 ||| INVOKING Heroism.
 24754 | Orc:2    | 24754 ||| INVOKING Finesse.
 24771 | Orc:2    | Received a gift from Okawaru
 24898 | Orc:2    | 24898 ||| INVOKING Heroism.
 25037 | Orc:2    | 25037 ||| INVOKING Heroism.
 25094 | Orc:2    | 25094 ||| Stepping ~*~*~tactically~*~*~ (hiding).
 25114 | Orc:2    | 25114 ||| Stepping ~*~*~tactically~*~*~ (hiding).
 25116 | Orc:2    | 25116 ||| INVOKING Heroism.
 25121 | Orc:2    | 25121 ||| Stepping ~*~*~tactically~*~*~ (hiding).
 25124 | Orc:2    | 25124 ||| DRINKING 6 potions of curing.
 25124 | Orc:2    | 25124 ||| (to cure confusion)
 25128 | Orc:2    | Reached skill level 18 in Axes
 25132 | Orc:2    | 25132 ||| Stepping ~*~*~tactically~*~*~ (hiding).
 25135 | Orc:2    | 25135 ||| Stepping ~*~*~tactically~*~*~ (hiding).
 25157 | Orc:2    | 25157 ||| Stepping ~*~*~tactically~*~*~ (hiding).
 25166 | Orc:2    | 25166 ||| Stepping ~*~*~tactically~*~*~ (hiding).
 25168 | Orc:2    | 25168 ||| FLEEEEING.
 25169 | Orc:2    | 25169 ||| FLEEEEING.
 25170 | Orc:2    | 25170 ||| FLEEEEING.
 25171 | Orc:2    | 25171 ||| FLEEEEING.
 25172 | Orc:2    | 25172 ||| FLEEEEING.
 25173 | Orc:2    | 25173 ||| FLEEEEING.
 25174 | Orc:2    | 25174 ||| FLEEEEING.
 25175 | Orc:2    | 25175 ||| FLEEEEING.
 25176 | Orc:2    | 25176 ||| FLEEEEING.
 25177 | Orc:2    | 25177 ||| FLEEEEING.
 25178 | Orc:2    | 25178 ||| FLEEEEING.
 25179 | Orc:2    | 25179 ||| FLEEEEING.
 25180 | Orc:2    | 25180 ||| FLEEEEING.
 25181 | Orc:2    | 25181 ||| FLEEEEING.
 25182 | Orc:2    | 25182 ||| FLEEEEING.
 25183 | Orc:2    | 25183 ||| FLEEEEING.
 25184 | Orc:2    | 25184 ||| FLEEEEING.
 25185 | Orc:2    | 25185 ||| FLEEEEING.
 25186 | Orc:2    | 25186 ||| FLEEEEING.
 25187 | Orc:2    | 25187 ||| FLEEEEING.
 25188 | Orc:2    | 25188 ||| FLEEEEING.
 25189 | Orc:2    | 25189 ||| FLEEEEING.
 25190 | Orc:2    | 25190 ||| FLEEEEING.
 25191 | Orc:2    | 25191 ||| FLEEEEING.
 25192 | Orc:2    | 25192 ||| FLEEEEING.
 25193 | Orc:2    | 25193 ||| FLEEEEING.
 25194 | Orc:2    | 25194 ||| FLEEEEING.
 25195 | Orc:2    | 25195 ||| FLEEEEING.
 25196 | Orc:2    | 25196 ||| FLEEEEING.
 25197 | Orc:2    | 25197 ||| FLEEEEING.
 25198 | Orc:2    | 25198 ||| FLEEEEING.
 25199 | Orc:2    | 25199 ||| FLEEEEING.
 25200 | Orc:2    | 25200 ||| FLEEEEING.
 25201 | Orc:2    | 25201 ||| FLEEEEING.
 25202 | Orc:2    | 25202 ||| FLEEEEING.
 25203 | Orc:2    | 25203 ||| FLEEEEING.
 25204 | Orc:2    | 25204 ||| FLEEEEING.
 25205 | Orc:2    | 25205 ||| FLEEEEING.
 25206 | Orc:2    | 25206 ||| FLEEEEING.
 25207 | Orc:2    | 25207 ||| FLEEEEING.
 25209 | Orc:2    | 25209 ||| FLEEEEING.
 25210 | Orc:2    | 25210 ||| FLEEEEING.
 25211 | Orc:2    | 25211 ||| FLEEEEING.
 25212 | Orc:2    | 25212 ||| FLEEEEING.
 25213 | Orc:2    | 25213 ||| FLEEEEING.
 25214 | Orc:2    | 25214 ||| FLEEEEING.
 25215 | Orc:2    | 25215 ||| FLEEEEING.
 25216 | Orc:2    | 25216 ||| FLEEEEING.
 25217 | Orc:2    | 25217 ||| FLEEEEING.
 25218 | Orc:2    | 25218 ||| FLEEEEING.
 25219 | Orc:2    | 25219 ||| FLEEEEING.
 25220 | Orc:2    | 25220 ||| FLEEEEING.
 25221 | Orc:2    | 25221 ||| FLEEEEING.
 25222 | Orc:2    | 25222 ||| FLEEEEING.
 25223 | Orc:2    | 25223 ||| FLEEEEING.
 25224 | Orc:2    | 25224 ||| FLEEEEING.
 25225 | Orc:2    | 25225 ||| FLEEEEING.
 25226 | Orc:2    | 25226 ||| FLEEEEING.
 25227 | Orc:2    | 25227 ||| FLEEEEING.
 25228 | Orc:2    | 25228 ||| FLEEEEING.
 25229 | Orc:2    | 25229 ||| STAIRDANCE
 25318 | Orc:2    | 25318 ||| STAIRDANCE
 25366 | Orc:2    | 25366 ||| STAIRDANCE
 25460 | Orc:2    | 25460 ||| Stepping ~*~*~tactically~*~*~ (stealth).
 25462 | Orc:2    | 25462 ||| Stepping ~*~*~tactically~*~*~ (stealth).
 25464 | Orc:2    | 25464 ||| Stepping ~*~*~tactically~*~*~ (hiding).
 25472 | Orc:2    | 25472 ||| INVOKING Heroism.
 25577 | Orc:2    | Found a staircase to the Elven Halls.
 25587 | Orc:2    | 25587 ||| Stepping ~*~*~tactically~*~*~ (stealth).
 25589 | Orc:2    | 25589 ||| Stepping ~*~*~tactically~*~*~ (hiding).
 25593 | Orc:2    | 25593 ||| INVOKING Heroism.
 25701 | Orc:2    | Found Menopsir's Magic Scroll Boutique.
 25701 | Orc:2    | Found Vomaips's Jewellery Emporium.
 25715 | Orc:2    | 25715 ||| BUYING scroll of acquirement (832 gold).
 25715 | Orc:2    | Bought a scroll of acquirement for 832 gold pieces
 25715 | Orc:2    | 25715 ||| BUYING scroll of enchant weapon (120 gold).
 25715 | Orc:2    | Bought a scroll of enchant weapon for 120 gold pieces
 25715 | Orc:2    | 25715 ||| BUYING scroll of enchant weapon (120 gold).
 25715 | Orc:2    | Bought a scroll of enchant weapon for 120 gold pieces
 25715 | Orc:2    | 25715 ||| BUYING scroll of teleportation (48 gold).
 25715 | Orc:2    | Bought a scroll of teleportation for 48 gold pieces
 25715 | Orc:2    | 25715 ||| SHOPLISTING scroll of teleportation (48 gold,
                  | have 8).
 25715 | Orc:2    | 25715 ||| READING scroll of acquirement.
 25715 | Orc:2    | 25715 ||| ACQUIRING +2 pair of gloves of the Shining Light
                  | {rPois Str+3}
 25715 | Orc:2    | Acquired the +2 pair of gloves of the Shining Light {rPois
                  | Str+3}
 25717 | Orc:2    | 25717 ||| UPGRADING to +0 kite shield.
 25727 | Orc:2    | 25727 ||| DROPPING +2 buckler of fire resistance.
 25728 | Orc:2    | 25728 ||| UPGRADING to +2 pair of gloves of the Shining
                  | Light {rPois Str+3}.
 25738 | Orc:2    | 25738 ||| DROPPING +2 pair of gloves.
 25748 | Orc:2    | 25748 ||| SHOPLISTING +6 ring of dexterity (504 gold, have
                  | 8).
 25748 | Orc:2    | 25748 ||| SHOPLISTING ring of fire (350 gold, have 8).
 25748 | Orc:2    | 25748 ||| SHOPLISTING ring of willpower (350 gold, have 8).
 25791 | Orc:2    | 25791 ||| INVOKING Heroism.
 25794 | Orc:2    | 25794 ||| DRINKING 5 potions of curing.
 25794 | Orc:2    | 25794 ||| (to cure confusion)
 25797 | Orc:2    | Reached skill level 9 in Shields
 25827 | Orc:2    | Found Ufoazix's Antique Weapon Emporium.
 25833 | Orc:2    | 25833 ||| INVOKING Heroism.
 25855 | Orc:2    | Found Hegubo's Book Boutique.
 25999 | Orc:2    | 25999 ||| PLANNING SPIDER:1-3
 26128 | Spider:1 | Entered Level 1 of the Spider Nest
 26312 | Spider:1 | 26312 ||| INVOKING Heroism.
 26356 | Spider:1 | 26356 ||| Stepping ~*~*~tactically~*~*~ (stealth).
 26358 | Spider:1 | 26358 ||| Stepping ~*~*~tactically~*~*~ (stealth).
 26359 | Spider:1 | 26359 ||| Stepping ~*~*~tactically~*~*~ (stealth).
 26591 | Spider:1 | Noticed Azrael
 26592 | Spider:1 | 26592 ||| Stepping ~*~*~tactically~*~*~ (hiding).
 26593 | Spider:1 | 26593 ||| Stepping ~*~*~tactically~*~*~ (hiding).
 26597 | Spider:1 | 26597 ||| INVOKING Heroism.
 26598 | Spider:1 | 26598 ||| INVOKING Finesse.
 26610 | Spider:1 | Killed Azrael
 26893 | Spider:1 | 26893 ||| Stepping ~*~*~tactically~*~*~ (stealth).
 26898 | Spider:1 | 26898 ||| Stepping ~*~*~tactically~*~*~ (stealth).
 26912 | Spider:1 | Identified the +1 cloak of Forking Paths {Dex+4} (Okawaru
                  | gifted it to you on level 1 of the Spider Nest)
 26912 | Spider:1 | Received a gift from Okawaru
 27111 | Spider:1 | 27111 ||| Stepping ~*~*~tactically~*~*~ (stealth).
 27139 | Spider:1 | 27139 ||| Stepping ~*~*~tactically~*~*~ (stealth).
 27159 | Spider:1 | 27159 ||| Stepping ~*~*~tactically~*~*~ (stealth).
 27301 | Spider:1 | 27301 ||| Stepping ~*~*~tactically~*~*~ (hiding).
 27438 | Spider:1 | 27438 ||| Stepping ~*~*~tactically~*~*~ (stealth).
 27855 | Spider:1 | 27855 ||| INVOKING Heroism.
 27867 | Spider:1 | 27867 ||| Stepping ~*~*~tactically~*~*~ (stealth).
 27883 | Spider:1 | 27883 ||| Stepping ~*~*~tactically~*~*~ (stealth).
 27886 | Spider:1 | 27886 ||| Stepping ~*~*~tactically~*~*~ (stealth).
 27891 | Spider:1 | 27891 ||| INVOKING Heroism.
 27920 | Spider:1 | 27920 ||| Stepping ~*~*~tactically~*~*~ (stealth).
 27921 | Spider:1 | 27921 ||| Stepping ~*~*~tactically~*~*~ (stealth).
 27924 | Spider:1 | 27924 ||| Stepping ~*~*~tactically~*~*~ (stealth).
 27949 | Spider:1 | 27949 ||| Stepping ~*~*~tactically~*~*~ (stealth).
 27950 | Spider:1 | 27950 ||| Stepping ~*~*~tactically~*~*~ (stealth).
 28083 | Spider:1 | 28083 ||| UPGRADING to +1 cloak of Forking Paths {Dex+4}.
 28093 | Spider:1 | 28093 ||| DROPPING +2 cloak of stealth.
 28102 | Spider:2 | 28102 ||| INVOKING Heroism.
 28125 | Spider:2 | 28125 ||| Stepping ~*~*~tactically~*~*~ (hiding).
 28126 | Spider:2 | 28126 ||| Stepping ~*~*~tactically~*~*~ (hiding).
 28127 | Spider:2 | 28127 ||| Stepping ~*~*~tactically~*~*~ (hiding).
 28129 | Spider:2 | 28129 ||| INVOKING Heroism.
 28130 | Spider:2 | 28130 ||| INVOKING Finesse.
 28143 | Spider:2 | Reached skill level 12 in Shields
 28186 | Spider:2 | 28186 ||| Stepping ~*~*~tactically~*~*~ (stealth).
 28194 | Spider:2 | 28194 ||| Stepping ~*~*~tactically~*~*~ (stealth).
 28196 | Spider:2 | 28196 ||| Stepping ~*~*~tactically~*~*~ (stealth).
 28213 | Spider:2 | 28213 ||| Stepping ~*~*~tactically~*~*~ (stealth).
 28214 | Spider:2 | 28214 ||| Stepping ~*~*~tactically~*~*~ (stealth).
 28217 | Spider:2 | 28217 ||| Stepping ~*~*~tactically~*~*~ (stealth).
 28222 | Spider:2 | 28222 ||| INVOKING Heroism.
 28278 | Spider:2 | 28278 ||| Stepping ~*~*~tactically~*~*~ (stealth).
 28342 | Spider:2 | 28342 ||| INVOKING Heroism.
 28379 | Spider:2 | 28379 ||| INVOKING Heroism.
 28380 | Spider:2 | 28380 ||| DRINKING 2 potions of cancellation.
 28384 | Spider:2 | Reached XP level 17. HP: 62/108 MP: 0/24
 28639 | Spider:2 | 28639 ||| READING 2 scrolls of enchant armour.
 28639 | Spider:2 | 28639 ||| ENCHANTING +1 helmet.
 28763 | Spider:3 | 28763 ||| Stepping ~*~*~tactically~*~*~ (stealth).
 28764 | Spider:3 | 28764 ||| INVOKING Heroism.
 28765 | Spider:3 | 28765 ||| INVOKING Finesse.
 28774 | Spider:3 | Received a gift from Okawaru
 28808 | Spider:3 | Noticed Roxanne
 28819 | Spider:3 | 28819 ||| INVOKING Heroism.
 28820 | Spider:3 | 28820 ||| INVOKING Finesse.
 28832 | Spider:3 | Killed Roxanne
 28843 | Spider:3 | Annihilated by a radroach

Levels and vault maps discovered:
D:1:      lightli_arrival_maybe_door_vault, layout_basic,
          nicolae_ecumenical_lake_church, minmay_lizard_king
D:2:      layout_rooms
D:3:      minmay_octagon_keep, layout_loops_ring,
          hangedman_decor_clover_reticule, kennysheep_generic_room_6,
          uniq_sigmund
D:4:      layout_basic, nicolae_elyvilon_peaceful_grove, minivault_24
D:5:      layout_loops_ring, mainiacjoe_overflow_concentric_impassable,
          nicolae_overflow_hidden_temple,
          nicolae_hepliaklqana_monster_ancestors,
          minmay_temple_entry_statues_pillars, portal_sewer_entry_f,
          uniq_blork_the_orc, uniq_prince_ribbit1
D:6:      layout_loops_ring, serial_shops, nicolae_shop_statue_plus,
          serial_park_tiny_pond
D:7:      layout_basic, grunt_temple_overflow_open, minmay_checkerbox,
          uniq_pikel
D:8:      layout_loops_cross, nicolae_uskayaw_dance_studio, vehumet_statue,
          serial_shops, nicolae_shop_hallway_plus,
          onia_ninara_dug_in_and_dangerous, uniq_maggie, uniq_erica
D:9:      nzn_winding_woodlands_cross [nzn_winding_woodlands_5x15_sidewinder,
          nzn_winding_woodlands_5x15_zeroes, nzn_winding_woodlands_5x15_parted,
          nzn_winding_woodlands_5x15_eye, nzn_winding_woodlands_15x15_eel_pit],
          layout_irregular_city, hiddenorc2_lemuel, blue_anna_alchemist,
          uniq_psyche
D:10:     layout_stronghold, erik_lair_island
D:11:     layout_rooms, serial_corexii_hall, corexii_hall_statues_i,
          chequers_hall_statues_corner_a, chequers_hall_statues_y, enter_trove_3
D:12:     minmay_coctagon, layout_basic, nicolae_qazlal_style_of_elements,
          uniq_nessos
D:13:     layout_long_grid, okawaru_altar_gauntlet_db, uniq_jorgrun
D:14:     layout_layer_cave, erik_vaults_2, serial_shops, shop,
          nicolae_shop_trees, nicolae_shop_hallway_plus,
          nicolae_shop_waterfront, shop_fountains
D:15:     grunt_enter_depths_magical_seal, layout_loops_corners,
          chequers_serial_rivers_room_b, maelrawn_ghost_gauntlet_escape,
          gauntlet_entry_generic, nemelex_spade_bored_becter
Temple:   nicolae_temple_ecumenical_triangle
Lair:1:   layout_regular_city, st_stairs_12, minivault_19, serial_bayou_pond_d
Lair:2:   layout_roguey, minmay_shoals_entry_beasts, spider_nest_entry_a,
          serial_bayou_shore_b
Lair:3:   layout_regular_city, dpeg_oklob_1
Lair:4:   layout_loops_ring, dpeg_slime_entry_enclosed, uniq_josephine
Lair:5:   hangedman_lair_caniforms_friends, layout_layer_cave,
          guppyfry_lair_end_dragon, minivault_27, st_stairs_12, minivault_26
Spider:1: layout_spider_delve, nicolae_spider_baby_got_redback, uniq_azrael
Spider:2: layout_spider_delve, drop_trap
Spider:3: layout_spider_delve, uniq_roxanne
Orc:1:    layout_caves, serial_shops, biasface_ghost_orc_armoury
Orc:2:    st_orc_town, layout_diamond_mine, sword_in_stone

Skill      XL: |  1  2  3  4  5  6  7  8  9 10 11 12 13 14 15 16 |
---------------+-------------------------------------------------+-----
Axes           | 2 3 5 7 9 10 11 12 13 15 16 17 18 | 18.0
Fighting       | 5 6 8 9 10 11 12 13 | 13.7
Dodging        | 1 2 3 4 |  4.0
Armour         | 4 5 6 9 10 11 13 | 13.0
Shields        | 4 5 6 7 8 13 | 13.5
Throwing       | 1 2 3 4 5 6 |  6.0
Invocations    | 4 6 10 | 10.0

Action                   |  1- 3 |  4- 6 |  7- 9 | 10-12 | 13-15 | 16-18 || total
-------------------------+-------+-------+-------+-------+-------+-------++-------
Melee: War axe           |   138 |    76 |       |       |       |       ||   214
       Broad axe         |       |    10 |   183 |   332 |   803 |   610 ||  1938
       Unarmed           |       |       |       |     3 |       |       ||     3
       Morningstar       |       |       |       |     5 |    18 |       ||    23
Throw: Boomerang         |       |       |    32 |   106 |   101 |    54 ||   293
       Javelin           |       |       |       |     5 |    69 |    19 ||    93
Invok: Heroism           |       |       |       |    35 |    38 |    21 ||    94
       Finesse           |       |       |       |     2 |    11 |     5 ||    18
  Use: Scroll            |     4 |     6 |    14 |     6 |     7 |     2 ||    39
       Potion            |       |     1 |     2 |     3 |     3 |     3 ||    12
 Stab: Distracted        |       |       |     2 |       |       |       ||     2
       Confused          |       |       |       |       |     1 |       ||     1
Armor: Scale mail        |    86 |    33 |    10 |       |       |       ||   129
       Chain mail        |       |       |    56 |    58 |       |       ||   114
       Plate armour      |       |       |       |    73 |   462 |   283 ||   818
Dodge: Dodged            |    73 |    24 |    58 |    89 |   181 |   131 ||   556
Block: Buckler           |    27 |    10 |    20 |    91 |   357 |    75 ||   580
       Reflection        |       |       |       |       |    15 |     6 ||    21
       Kite shield       |       |       |       |       |       |   320 ||   320

Table legend:
 A = Non-vault XP
 B = Vault XP
 C = Vault XP percentage of total XP
 D = Non-vault monster count
 E = Vault monster count
 F = Vault count percentage of total count
                 A         B        C        D         E       F
            +---------+---------+-------+---------+---------+-------
      Total |  133451 |   57610 |  30.2 |     597 |     325 |  35.2
            +---------+---------+-------+---------+---------+-------
        D:1 |      59 |       5 |   7.8 |      33 |       5 |  13.2
        D:2 |      23 |       0 |   0.0 |       8 |       0 |   0.0
        D:3 |      38 |     386 |  91.0 |      14 |      14 |  50.0
        D:4 |     411 |       0 |   0.0 |      33 |       0 |   0.0
        D:5 |     359 |     402 |  52.8 |       7 |      10 |  58.8
        D:6 |    1046 |       0 |   0.0 |      21 |       0 |   0.0
        D:7 |     709 |     868 |  55.0 |      21 |       5 |  19.2
        D:8 |    1363 |    1380 |  50.3 |      11 |       9 |  45.0
        D:9 |    1377 |    3248 |  70.2 |      27 |      43 |  61.4
       D:10 |    1701 |     820 |  32.5 |      16 |       8 |  33.3
       D:11 |    3337 |       0 |   0.0 |      19 |       0 |   0.0
       D:12 |    4311 |    2784 |  39.2 |      11 |       7 |  38.9
       D:13 |   10343 |    1986 |  16.1 |      25 |       7 |  21.9
       D:14 |   11313 |    7006 |  38.2 |      26 |       8 |  23.5
       D:15 |   15356 |    4765 |  23.7 |      31 |      10 |  24.4
     Lair:1 |    5738 |       0 |   0.0 |      18 |       0 |   0.0
     Lair:2 |    6197 |    1184 |  16.0 |      19 |       4 |  17.4
     Lair:3 |    4792 |    2236 |  31.8 |      15 |       4 |  21.1
     Lair:4 |    3447 |    1756 |  33.7 |      15 |       5 |  25.0
     Lair:5 |   14868 |   14709 |  49.7 |      51 |      70 |  57.9
   Spider:1 |   11395 |    5396 |  32.1 |      38 |      26 |  40.6
   Spider:2 |   19385 |       0 |   0.0 |      53 |       0 |   0.0
   Spider:3 |    7803 |    1353 |  14.8 |      19 |       1 |   5.0
      Orc:1 |    3294 |       0 |   0.0 |      21 |       0 |   0.0
      Orc:2 |    4786 |    7144 |  59.9 |      45 |      57 |  55.9
      Sewer |       0 |     182 | 100.0 |       0 |      32 | 100.0
            +---------+---------+-------+---------+---------+-------
